Phantoms vs Eagles

Created - December 6, 2024 at 20:10

Goals
1 2 3 T
Phantoms 1 0 1 2
Eagles 0 0 3 3
Shots
1 2 3 T
Phantoms 17 5 15 37
Eagles 12 5 14 31

1st period

1. Phantoms , Lucas Wallmarkk 12 (Joe Snively 24, Mikko Lehtonen 7) at 18:24

Penalties :
Gabriel Vilardi (Col) for Hooking (Minor) at 15:20

2nd period

No Goal

Penalties :
Sven Andrighetto (Leh) for Cross-checking (Minor) at 11:58, Matthew Phillips (Col) for Roughing (Minor) at 16:28

3rd period

2. Eagles , Jack Hughes 9 (Tyler Motte 10) at 4:52
3. Phantoms , A.J. Greer 3 (Nick Sorensen 8, David Kampf 5) at 17:04
4. Eagles , Gabriel Vilardi 8 (Mattias Samuelsson 5, Jack Dougherty 7) at 17:50
5. Eagles , Pius Suter 6 (Jonathan Racine 7, Sam Steel 12) at 18:46

Penalties :
Sven Andrighetto (Leh) for Tripping (Minor) at 9:14

Goalie Stats

Zachary Fucale (Leh), 28 saves from 31 shots - (0.903), L, 6-8-3, 58:50 minutes
Daniel Altshuller (Col), 35 saves from 37 shots - (0.946), W, 3-2-1, 60:00 minutes

Players Stats for Phantoms

Player Name              G  A  P  +/- PIM S  H  SB GA TA FO     MP     PP MP  PK MP  
------------------------------------------------------------------------------------
A.J. Greer               1  0  1   1  0   3  1  0  0  0  0/1    12:33   0:00   1:44 
Andrey Pedan             0  0  0   0  0   3  3  0  0  1  0/0    19:27   1:28   1:30 
Blake Heinrich           0  0  0  -1  0   0  5  2  0  0  0/0    27:30   2:30   2:28 
Brett Murray             0  0  0   0  0   1  1  0  1  0  0/1     7:56   0:00   0:00 
Cristoval Nieves         0  0  0  -2  0   2  2  0  0  0  7/12   18:08   1:39   1:36 
David Kampf              0  1  1   1  0   2  1  0  0  0  3/4    11:06   0:00   0:17 
J.T. Brown               0  0  0  -2  0   2  0  0  0  1  0/1    15:32   0:00   0:28 
Joe Snively              0  1  1   0  0   7  1  0  1  0  0/0    21:17   2:19   0:32 
Laurent Dauphin          0  0  0   0  0   2  1  0  0  0  2/3     7:56   0:00   0:00 
Lucas Wallmarkk          1  0  1   0  0   5  0  1  0  0  17/36  22:14   2:19   1:40 
Matt Kiersted            0  0  0   0  0   1  3  0  1  0  0/0    14:44   0:00   1:30 
Mikko Lehtonen           0  1  1  -1  0   1  3  3  0  1  0/0    24:51   2:30   0:00 
Nick Sorensen            0  1  1   1  0   1  2  1  0  0  0/0    12:06   1:39   0:00 
Oliver Wahlstrom         0  0  0   0  0   0  0  0  0  0  0/0     7:56   0:00   0:00 
Rem Pitlick              0  0  0  -2  0   3  3  0  1  1  0/1    18:22   1:39   1:39 
Riley Stillman           0  0  0   0  0   1  4  0  1  1  0/0    13:03   0:00   0:00 
Rinat Valiev             0  0  0   0  0   1  3  1  0  0  0/0    20:25   1:28   2:28 
Sven Andrighetto         0  0  0   0  4   2  2  1  1  0  1/3    20:54   2:19   0:00 

Players Stats for Eagles

Player Name              G  A  P  +/- PIM S  H  SB GA TA FO     MP     PP MP  PK MP  
------------------------------------------------------------------------------------
Brett Leason             0  0  0   0  0   0  0  1  0  0  0/0     8:36   0:34   0:00 
Connor Carrick           0  0  0   0  0   1  1  1  0  1  0/0    20:12   0:36   2:32 
Gabriel Vilardi          1  0  1   0  2   5  0  1  0  0  2/2    19:27   1:38   0:05 
Jack Dougherty           0  1  1   1  0   1  1  3  2  0  0/0    21:03   2:06   1:26 
Jack Hughes              1  0  1   1  0   4  1  0  1  0  11/23  17:20   1:53   0:38 
Jared McCann             0  0  0   0  0   2  1  2  0  0  13/24  22:01   1:48   2:18 
Jonathan Racine          0  1  1   0  0   0  2  0  0  0  0/0    17:42   1:16   0:00 
Keaton Middleton         0  0  0   0  0   2  2  1  0  1  0/0    23:32   2:42   2:32 
Kevin Bahl               0  0  0   0  0   0  0  3  0  0  0/0    16:15   0:00   0:00 
Matteson Iacopelli       0  0  0   1  0   4  0  0  0  0  0/0    14:49   0:00   0:00 
Matthew Phillips         0  0  0   0  2   1  2  0  1  0  0/0    13:21   1:53   0:00 
Mattias Samuelsson       0  1  1   1  0   2  0  1  0  1  0/0    21:16   1:16   1:26 
Michael Carcone          0  0  0   0  0   2  1  0  0  1  0/0    19:29   1:48   1:00 
Michael Dal Colle        0  0  0   0  0   0  0  0  0  0  0/0     9:21   0:00   1:30 
Pius Suter               1  0  1   0  0   3  0  0  0  1  0/0    13:28   1:57   0:03 
Sam Steel                0  1  1   0  0   3  0  0  0  0  4/9    11:34   0:00   0:05 
Tyler Motte              0  1  1   1  0   1  3  0  1  1  1/2    18:20   0:00   2:17 
Zach Aston-Reese         0  0  0   0  0   0  0  0  0  0  1/2     8:14   0:23   0:00 

3 Stars

1 - Daniel Altshuller (Col)
2 - Jack Hughes (Col)
3 - A.J. Greer (Leh)

Power Play

Phantoms - 0 on 2 Attempt(s) - 0.00%
Eagles - 0 on 2 Attempt(s) - 0.00%

Penalty Kill

Phantoms - 2 on 2 Attempt(s) - 100.00% - Score 0 goal in Penalty Kill
Eagles - 2 on 2 Attempt(s) - 100.00% - Score 0 goal in Penalty Kill

Team Stat

Phantoms - Hits : 35 - Faceoff Wins : 30 - Blocked Shots : 9 - Penalty Minutes : 4
Eagles - Hits : 14 - Faceoff Wins : 32 - Blocked Shots : 13 - Penalty Minutes : 4

Official

Referees : Francis Charron and Conor O'Donnell
Linesman : Pierre Racicot and Tony Sericolo

Game Notes

3:36 of 2nd period - Eagles goal is going for a video replay. After video review, No Goal. The puck has entered the net after making contact with an attacking player’s stick that is above the height of the crossbar.
14:06 of 3rd period - Phantoms goal is going for a video replay. After video review, No Goal. The puck has been directed, batted or thrown into the net by an attacking player other than with a stick.

Finance

Level 1 -- Attendance: 1867 (93.35%) -- Ticket Income $130,690
Level 2 -- Attendance: 968 (96.80%) -- Ticket Income $38,720
Total Attendance: 2835 (94.50%)
Total Ticket Income: $169,410
Other Income: $8,470
Total Income: $177,880

Phantoms

5 vs 5 Forward 
   Center                   Left Wing                Right Wing               Time % Phy DF OF 
 1 Lucas Wallmarkk          Joe Snively              Sven Andrighetto         42     0   2  3  
 2 Cristoval Nieves         J.T. Brown               Rem Pitlick              33     0   2  3  
 3 David Kampf              Nick Sorensen            A.J. Greer               20     0   3  2  
 4 Laurent Dauphin          Brett Murray             Oliver Wahlstrom         5      0   3  2  

5 vs 5 Defense 
   Defense                  Defense                                           Time % Phy DF OF 
 1 Blake Heinrich           Mikko Lehtonen                                    45     0   2  3  
 2 Andrey Pedan             Rinat Valiev                                      35     0   2  3  
 3 Riley Stillman           Matt Kiersted                                     20     1   3  1  
 4 Riley Stillman           Matt Kiersted                                     0      1   3  1  

PowerPlay Forward 
   Center                   Left Wing                Right Wing               Time % Phy DF OF 
 1 Lucas Wallmarkk          Joe Snively              Sven Andrighetto         60     0   1  4  
 2 Cristoval Nieves         Nick Sorensen            Rem Pitlick              40     0   1  4  

PowerPlay Defense
   Defense                  Defense                                           Time % Phy DF OF 
 1 Blake Heinrich           Mikko Lehtonen                                    60     0   1  4  
 2 Andrey Pedan             Rinat Valiev                                      40     0   1  4  

Penalty Kill 4 Players Forward 
   Center                   Wing                     Time % Phy DF OF 
 1 Lucas Wallmarkk          Sven Andrighetto         60     1   4  0  
 2 Cristoval Nieves         J.T. Brown               40     1   4  0  

Penalty Kill 4 Players Defense
   Defense                  Defense                  Time % Phy DF OF 
 1 Blake Heinrich           Rinat Valiev             60     1   4  0  
 2 Andrey Pedan             Matt Kiersted            40     1   4  0  

Penalty Kill - 3 Players Forward 
   Forward                                           Time % Phy DF OF 
 1 Lucas Wallmarkk                                   60     1   4  0  
 2 J.T. Brown                                        40     1   4  0  

Penalty Kill - 3 Players Defense
   Defense                  Defense                  Time % Phy DF OF 
 1 Blake Heinrich           Rinat Valiev             60     1   4  0  
 2 Andrey Pedan             Matt Kiersted            40     1   4  0  

4 vs 4 Forward 
   Center                   Wing                     Time % Phy DF OF 
 1 Lucas Wallmarkk          Joe Snively              60     1   2  2  
 2 Cristoval Nieves         Sven Andrighetto         40     1   2  2  

4 vs 4 Defense
   Defense                  Defense                  Time % Phy DF OF 
 1 Blake Heinrich           Mikko Lehtonen           60     1   2  2  
 2 Andrey Pedan             Rinat Valiev             40     1   2  2  

Last Minutes Offensive
   Center                   Left Wing                Right Wing               Defense                  Defense                  
   Lucas Wallmarkk          Joe Snively              Sven Andrighetto         Blake Heinrich           Mikko Lehtonen           

Last Minutes Defensive
   Center                   Left Wing                Right Wing               Defense                  Defense                  
   Lucas Wallmarkk          J.T. Brown               Sven Andrighetto         Blake Heinrich           Rinat Valiev             

Goaltenders
Starting : Zachary Fucale           
Backup : Kevin Lankinen           

Extra Forwards
Normal : Joe Snively, J.T. Brown, Nick Sorensen - PP : Joe Snively, Rem Pitlick - PK : Rem Pitlick
Extra Defensemen
Normal : Blake Heinrich, Rinat Valiev, Andrey Pedan - PP : Mikko Lehtonen - PK : Blake Heinrich, Rinat Valiev
Penalty Shots
Joe Snively, Sven Andrighetto, Nick Sorensen, Lucas Wallmarkk, Rem Pitlick
Custom OT Lines Forwards
Sven Andrighetto, Joe Snively, Lucas Wallmarkk, J.T. Brown, Cristoval Nieves, Rem Pitlick, Nick Sorensen, David Kampf, Oliver Wahlstrom, A.J. Greer
Custom OT Lines Defensemen
Blake Heinrich, Mikko Lehtonen, Andrey Pedan, Rinat Valiev, Matt Kiersted

Scratches
Anthony Angello (Healthy), Benoit-Olivier Groulx (Healthy), Cooper Marody (Healthy), Ty Smith (Healthy), Morgan Klimchuk (Bruised Left Arm Injury)
Victor Berglund (Healthy), Fabian Zetterlund (Healthy), David Gustafsson (Healthy), Josiah Slavin (Healthy), Cam York (Healthy)
Kaedan Korczak (Healthy), Danil Zhuravlyov (Healthy), Alex Beaucage (Healthy), Arsen Khisamutdinov (Healthy), Jacob Ingham (Healthy)
Zachary Sawchenko (Healthy)

Eagles

5 vs 5 Forward 
   Center                   Left Wing                Right Wing               Time % Phy DF OF 
 1 Jared McCann             Michael Carcone          Gabriel Vilardi          35     1   2  2  
 2 Jack Hughes              Tyler Motte              Matteson Iacopelli       34     1   2  2  
 3 Sam Steel                Pius Suter               Matthew Phillips         21     1   2  2  
 4 Zach Aston-Reese         Michael Dal Colle        Brett Leason             10     1   2  2  

5 vs 5 Defense 
   Defense                  Defense                                           Time % Phy DF OF 
 1 Connor Carrick           Keaton Middleton                                  33     1   2  2  
 2 Jack Dougherty           Mattias Samuelsson                                32     1   2  2  
 3 Kevin Bahl               Jonathan Racine                                   30     1   3  1  
 4 Keaton Middleton         Mattias Samuelsson                                5      1   2  2  

PowerPlay Forward 
   Center                   Left Wing                Right Wing               Time % Phy DF OF 
 1 Jared McCann             Michael Carcone          Gabriel Vilardi          50     1   1  3  
 2 Jack Hughes              Pius Suter               Matthew Phillips         50     1   1  3  

PowerPlay Defense
   Defense                  Defense                                           Time % Phy DF OF 
 1 Jack Dougherty           Keaton Middleton                                  55     1   1  3  
 2 Jonathan Racine          Mattias Samuelsson                                45     1   1  3  

Penalty Kill 4 Players Forward 
   Center                   Wing                     Time % Phy DF OF 
 1 Jared McCann             Tyler Motte              65     1   3  1  
 2 Sam Steel                Gabriel Vilardi          35     1   3  1  

Penalty Kill 4 Players Defense
   Defense                  Defense                  Time % Phy DF OF 
 1 Keaton Middleton         Connor Carrick           65     1   3  1  
 2 Jack Dougherty           Mattias Samuelsson       35     1   3  1  

Penalty Kill - 3 Players Forward 
   Forward                                           Time % Phy DF OF 
 1 Jared McCann                                      65     1   4  0  
 2 Tyler Motte                                       35     1   4  0  

Penalty Kill - 3 Players Defense
   Defense                  Defense                  Time % Phy DF OF 
 1 Keaton Middleton         Connor Carrick           70     1   4  0  
 2 Jack Dougherty           Mattias Samuelsson       30     1   4  0  

4 vs 4 Forward 
   Center                   Wing                     Time % Phy DF OF 
 1 Jared McCann             Michael Carcone          50     1   2  2  
 2 Jack Hughes              Gabriel Vilardi          50     1   2  2  

4 vs 4 Defense
   Defense                  Defense                  Time % Phy DF OF 
 1 Connor Carrick           Jack Dougherty           50     1   2  2  
 2 Keaton Middleton         Jonathan Racine          50     1   2  2  

Last Minutes Offensive
   Center                   Left Wing                Right Wing               Defense                  Defense                  
   Jack Hughes              Michael Carcone          Gabriel Vilardi          Jack Dougherty           Keaton Middleton         

Last Minutes Defensive
   Center                   Left Wing                Right Wing               Defense                  Defense                  
   Jared McCann             Tyler Motte              Gabriel Vilardi          Connor Carrick           Keaton Middleton         

Goaltenders
Starting : Daniel Altshuller        
Backup : Adin Hill                

Extra Forwards
Normal : Zach Aston-Reese, Brett Leason, Michael Dal Colle - PP : Zach Aston-Reese, Brett Leason - PK : Michael Carcone
Extra Defensemen
Normal : Kevin Bahl, Jonathan Racine, Mattias Samuelsson - PP : Connor Carrick - PK : Jonathan Racine, Kevin Bahl
Penalty Shots
Jack Hughes, Gabriel Vilardi, Jared McCann, Pius Suter, Brett Leason
Custom OT Lines Forwards
Jared McCann, Michael Carcone, Zach Aston-Reese, Tyler Motte, Gabriel Vilardi, Sam Steel, Jack Hughes, Matteson Iacopelli, Pius Suter, Michael Dal Colle
Custom OT Lines Defensemen
Connor Carrick, Jack Dougherty, Keaton Middleton, Jonathan Racine, Mattias Samuelsson

Scratches
Chris Calhan (Healthy), Dominik Kubalik (Healthy), Mark Friedman (Healthy), Tyler Tucker (Healthy), Xavier Ouellet (Healthy)
Alexander Nylander (Healthy), Max Lajoie (Healthy), Pascal Laberge (Healthy), Marian Studenic (Healthy), Ilya Nikolaev (Healthy)
Santeri Hatakka (Healthy), Jacob Leguerrier (Healthy), Elmer Soderblom (Healthy), Zachary Emond (Healthy), Linus Ullmark (Healthy)
Hugo Alnefelt (Healthy)

% Time on Ice - Phantoms

Lines # - Real PCT - Wanted PCT - Time Play
Normal Forward
1 - 34% - 42% - 17:24
2 - 29% - 33% - 14:53
3 - 21% - 20% - 10:38
4 - 16% - 5% - 7:56
Normal Defense
1 - 42% - 45% - 21:19
2 - 32% - 35% - 16:29
3 - 24% - 20% - 11:57
4 - 2% - 0% - 1:06
PP Forward
1 - 58% - 60% - 2:19
2 - 42% - 40% - 1:39
PP Defense
1 - 63% - 60% - 2:30
2 - 37% - 40% - 1:28
PK Forward
1 - 88% - 60% - 3:30
2 - 12% - 40% - 0:28
PK Defense
1 - 62% - 60% - 2:28
2 - 38% - 40% - 1:30
PK3 Forward
1 - 0% - 60%
2 - 0% - 40%
PK3 Defense
1 - 0% - 60%
2 - 0% - 40%
44 Forward
1 - 0% - 60%
2 - 0% - 40%
44 Defense
1 - 0% - 60%
2 - 0% - 40%
Last Minute Offensive  - 1:13
Last Minute Defensive  - 0:00
Total
Forward - 60:00
Defense - 60:00

% Time on Ice - Eagles

Lines # - Real PCT - Wanted PCT - Time Play
Normal Forward
1 - 33% - 35% - 16:42
2 - 29% - 34% - 14:50
3 - 23% - 21% - 11:28
4 - 15% - 10% - 7:51
Normal Defense
1 - 32% - 33% - 16:02
2 - 34% - 32% - 17:31
3 - 32% - 30% - 16:15
4 - 2% - 5% - 1:03
PP Forward
1 - 50% - 50% - 1:58
2 - 50% - 50% - 2:00
PP Defense
1 - 68% - 55% - 2:42
2 - 32% - 45% - 1:16
PK Forward
1 - 98% - 65% - 3:53
2 - 2% - 35% - 0:05
PK Defense
1 - 64% - 65% - 2:32
2 - 36% - 35% - 1:26
PK3 Forward
1 - 0% - 65%
2 - 0% - 35%
PK3 Defense
1 - 0% - 70%
2 - 0% - 30%
44 Forward
1 - 0% - 50%
2 - 0% - 50%
44 Defense
1 - 0% - 50%
2 - 0% - 50%
Last Minute Offensive  - 0:00
Last Minute Defensive  - 1:13
Total
Forward - 60:00
Defense - 60:00

Play-by-Play

1st period


0:01 of 1st period - Jared McCann wins face-off versus Lucas Wallmarkk in neutral zone.
0:17 of 1st period - Wrist shot by Lucas Wallmarkk.
0:17 of 1st period - Deflect By Joe Snively.
0:17 of 1st period - Stopped by Daniel Altshuller with a rebound.
0:55 of 1st period - Snap shot by David Kampf.
0:55 of 1st period - Shot Hit the Post.
1:11 of 1st period - Wrist shot by Laurent Dauphin.
1:11 of 1st period - Shot Misses the Net.
1:31 of 1st period - Mattias Samuelsson is hit by Rinat Valiev and loses puck.
1:52 of 1st period - Snap shot by Tyler Motte.
1:52 of 1st period - Stopped by Zachary Fucale without a rebound.
1:53 of 1st period - Jack Hughes wins face-off versus Lucas Wallmarkk in Phantoms zone.
2:19 of 1st period - Sven Andrighetto is hit by Jonathan Racine and loses puck.
2:28 of 1st period - Lucas Wallmarkk is hit by Matthew Phillips.
3:02 of 1st period - Connor Carrick is hit by A.J. Greer and loses puck.
3:23 of 1st period - Tyler Motte is hit by Brett Murray and loses puck.
3:42 of 1st period - Snap shot by David Kampf.
3:42 of 1st period - Stopped by Daniel Altshuller without a rebound.
3:43 of 1st period - Sam Steel wins face-off versus David Kampf in Eagles zone.
4:08 of 1st period - Snap shot by J.T. Brown.
4:08 of 1st period - Stopped by Daniel Altshuller without a rebound.
4:09 of 1st period - Jared McCann wins face-off versus Cristoval Nieves in Eagles zone.
4:09 of 1st period - Jared McCann is hit by Mikko Lehtonen.
4:40 of 1st period - Wrist shot by Gabriel Vilardi.
4:40 of 1st period - Stopped by Zachary Fucale with a rebound.
4:48 of 1st period - Wrist shot by Rem Pitlick.
4:48 of 1st period - Deflect By J.T. Brown.
4:48 of 1st period - Stopped by Daniel Altshuller without a rebound.
4:49 of 1st period - Jack Hughes wins face-off versus Lucas Wallmarkk in Eagles zone.
4:57 of 1st period - Icing by Connor Carrick.
4:58 of 1st period - Lucas Wallmarkk wins face-off versus Jack Hughes in Eagles zone.
5:07 of 1st period - Wrist shot by Lucas Wallmarkk.
5:07 of 1st period - Stopped by Daniel Altshuller without a rebound.
5:08 of 1st period - Lucas Wallmarkk wins face-off versus Jack Hughes in Eagles zone.
5:40 of 1st period - Kevin Bahl is hit by Rinat Valiev and loses puck.
6:07 of 1st period - Slapshot by Pius Suter.
6:07 of 1st period - Stopped by Zachary Fucale with a rebound.
6:30 of 1st period - Slapshot by Cristoval Nieves.
6:30 of 1st period - Shot Blocked by Keaton Middleton.
6:56 of 1st period - Snap shot by Michael Carcone.
6:56 of 1st period - Stopped by Zachary Fucale without a rebound.
6:57 of 1st period - Jack Hughes wins face-off versus Lucas Wallmarkk in Phantoms zone.
7:04 of 1st period - Snap shot by Sven Andrighetto.
7:04 of 1st period - Stopped by Daniel Altshuller without a rebound.
7:05 of 1st period - Jack Hughes wins face-off versus Lucas Wallmarkk in Eagles zone.
7:40 of 1st period - Snap shot by David Kampf.
7:40 of 1st period - Stopped by Daniel Altshuller with a rebound.
8:00 of 1st period - Wrist shot by Rem Pitlick.
8:00 of 1st period - Shot Misses the Net.
8:02 of 1st period - Slapshot by Blake Heinrich.
8:02 of 1st period - Deflect By Cristoval Nieves.
8:02 of 1st period - Shot Misses the Net.
8:02 of 1st period - Puck is out of play.
8:03 of 1st period - Lucas Wallmarkk wins face-off versus Tyler Motte in Eagles zone.
8:04 of 1st period - Wrist shot by Joe Snively.
8:04 of 1st period - Shot Misses the Net.
8:12 of 1st period - Snap shot by Lucas Wallmarkk.
8:12 of 1st period - Stopped by Daniel Altshuller without a rebound.
8:13 of 1st period - Lucas Wallmarkk wins face-off versus Jack Hughes in Eagles zone.
9:17 of 1st period - Icing by Lucas Wallmarkk.
9:18 of 1st period - Lucas Wallmarkk wins face-off versus Jared McCann in Phantoms zone.
9:30 of 1st period - Snap shot by Joe Snively.
9:30 of 1st period - Stopped by Daniel Altshuller with a rebound.
9:32 of 1st period - Slapshot by Andrey Pedan.
9:32 of 1st period - Stopped by Daniel Altshuller with a rebound.
9:34 of 1st period - Slapshot by Andrey Pedan.
9:34 of 1st period - Stopped by Daniel Altshuller without a rebound.
9:35 of 1st period - Sam Steel wins face-off versus Cristoval Nieves in Eagles zone.
9:35 of 1st period - Sam Steel is hit by Cristoval Nieves.
10:01 of 1st period - Jared McCann is hit by Mikko Lehtonen and loses puck.
10:28 of 1st period - Wrist shot by Laurent Dauphin.
10:28 of 1st period - Stopped by Daniel Altshuller with a rebound.
10:30 of 1st period - Slapshot by Mikko Lehtonen.
10:30 of 1st period - Stopped by Daniel Altshuller with a rebound.
11:04 of 1st period - Jack Hughes is hit by David Kampf and loses puck.
11:11 of 1st period - Nick Sorensen is hit by Tyler Motte and loses puck.
11:24 of 1st period - Gabriel Vilardi is hit by Matt Kiersted and loses puck.
12:37 of 1st period - Wrist shot by Jared McCann.
12:37 of 1st period - Stopped by Zachary Fucale with a rebound.
12:39 of 1st period - Slapshot by Keaton Middleton.
12:39 of 1st period - Stopped by Zachary Fucale without a rebound.
12:40 of 1st period - Cristoval Nieves wins face-off versus Jared McCann in Phantoms zone.
13:06 of 1st period - Kevin Bahl is hit by Sven Andrighetto and loses puck.
13:15 of 1st period - Slapshot by Keaton Middleton.
13:15 of 1st period - Shot Misses the Net.
13:57 of 1st period - Snap shot by Brett Murray.
13:57 of 1st period - Stopped by Daniel Altshuller with a rebound.
14:13 of 1st period - Brett Leason is hit by Rem Pitlick and loses puck.
14:34 of 1st period - Snap shot by Sam Steel.
14:34 of 1st period - Stopped by Zachary Fucale with a rebound.
14:36 of 1st period - Slapshot by Keaton Middleton.
14:36 of 1st period - Deflect By Lucas Wallmarkk.
14:36 of 1st period - Stopped by Zachary Fucale without a rebound.
14:37 of 1st period - Jared McCann wins face-off versus Cristoval Nieves in Phantoms zone.
14:38 of 1st period - Backhand shot by Gabriel Vilardi.
14:38 of 1st period - Shot Misses the Net.
14:40 of 1st period - Snap shot by Jared McCann.
14:40 of 1st period - Deflect By Michael Carcone.
14:40 of 1st period - Shot Misses the Net.
14:40 of 1st period - Puck is out of play.
14:41 of 1st period - Jared McCann wins face-off versus Rem Pitlick in Phantoms zone.
14:56 of 1st period - Slapshot by Jared McCann.
14:56 of 1st period - Stopped by Zachary Fucale without a rebound.
14:57 of 1st period - Jack Hughes wins face-off versus Lucas Wallmarkk in Phantoms zone.
14:58 of 1st period - Snap shot by Tyler Motte.
14:58 of 1st period - Shot Misses the Net.
15:07 of 1st period - Icing by Mattias Samuelsson.
15:08 of 1st period - Lucas Wallmarkk wins face-off versus Jack Hughes in Eagles zone.
15:17 of 1st period - Snap shot by Sven Andrighetto.
15:17 of 1st period - Stopped by Daniel Altshuller without a rebound.
15:18 of 1st period - Jared McCann wins face-off versus Lucas Wallmarkk in Eagles zone.
15:20 of 1st period - Minor Penalty to Gabriel Vilardi for Hooking.
15:21 of 1st period - Jared McCann wins face-off versus Sven Andrighetto in Eagles zone.
15:30 of 1st period - Off-side.
15:31 of 1st period - Lucas Wallmarkk wins face-off versus Jared McCann in neutral zone.
15:34 of 1st period - Snap shot by Joe Snively.
15:34 of 1st period - Stopped by Daniel Altshuller with a rebound.
15:36 of 1st period - Snap shot by Sven Andrighetto.
15:36 of 1st period - Shot Misses the Net.
16:00 of 1st period - Jared McCann is hit by Nick Sorensen and loses puck.
16:46 of 1st period - Icing by Andrey Pedan.
16:47 of 1st period - Cristoval Nieves wins face-off versus Jack Hughes in Phantoms zone.
17:20 of 1st period - Penalty to Gabriel Vilardi is over, Gabriel Vilardi is back on ice.
17:32 of 1st period - Snap shot by Sam Steel.
17:32 of 1st period - Stopped by Zachary Fucale without a rebound.
17:33 of 1st period - Cristoval Nieves wins face-off versus Sam Steel in Phantoms zone.
17:42 of 1st period - Off-side.
17:43 of 1st period - Sam Steel wins face-off versus Cristoval Nieves in neutral zone.
18:10 of 1st period - Wrist shot by Sam Steel.
18:10 of 1st period - Deflect By Pius Suter.
18:10 of 1st period - Stopped by Zachary Fucale without a rebound.
18:11 of 1st period - Jared McCann wins face-off versus Lucas Wallmarkk in Phantoms zone.
18:14 of 1st period - Snap shot by Jared McCann.
18:14 of 1st period - Shot Blocked by Mikko Lehtonen.
18:16 of 1st period - Slapshot by Kevin Bahl.
18:16 of 1st period - Deflect By Jared McCann.
18:16 of 1st period - Shot Blocked by Sven Andrighetto.
18:16 of 1st period - Puck is out of play.
18:17 of 1st period - Gabriel Vilardi wins face-off versus Lucas Wallmarkk in Phantoms zone.
18:24 of 1st period - Wrist shot by Lucas Wallmarkk.
18:24 of 1st period - Goal by Lucas Wallmarkk - Phantoms : 1 - Eagles : 0.
18:25 of 1st period - Jack Hughes wins face-off versus Lucas Wallmarkk in neutral zone.
18:32 of 1st period - Joe Snively is hit by Jonathan Racine and loses puck.
18:51 of 1st period - Kevin Bahl is hit by Cristoval Nieves and loses puck.
19:16 of 1st period - Wrist shot by Tyler Motte.
19:16 of 1st period - Shot Misses the Net.
19:18 of 1st period - Slapshot by Jack Hughes.
19:18 of 1st period - Shot Blocked by Mikko Lehtonen.
19:20 of 1st period - Slapshot by Connor Carrick.
19:20 of 1st period - Stopped by Zachary Fucale without a rebound.
19:21 of 1st period - Jared McCann wins face-off versus Lucas Wallmarkk in Phantoms zone.
Goals for this period are 1 for Phantoms vs 0 for Eagles.
Shots for this period are 17 for Phantoms vs 12 for Eagles.

2nd period


0:01 of 2nd period - Lucas Wallmarkk wins face-off versus Jared McCann in neutral zone.
0:04 of 2nd period - Slapshot by Blake Heinrich.
0:04 of 2nd period - Deflect By Joe Snively.
0:04 of 2nd period - Stopped by Daniel Altshuller with a rebound.
0:10 of 2nd period - Michael Carcone is hit by Sven Andrighetto and loses puck.
0:54 of 2nd period - Snap shot by Rem Pitlick.
0:54 of 2nd period - Stopped by Daniel Altshuller with a rebound.
0:56 of 2nd period - Slapshot by Cristoval Nieves.
0:56 of 2nd period - Deflect By Rem Pitlick.
0:56 of 2nd period - Shot Blocked by Jack Dougherty.
0:56 of 2nd period - Puck is out of play.
0:57 of 2nd period - Jared McCann wins face-off versus Lucas Wallmarkk in Eagles zone.
1:37 of 2nd period - Gabriel Vilardi is hit by Andrey Pedan and loses puck.
1:48 of 2nd period - Cristoval Nieves is hit by Connor Carrick.
2:08 of 2nd period - Backhand shot by Matthew Phillips.
2:08 of 2nd period - Stopped by Zachary Fucale with a rebound.
2:14 of 2nd period - Sam Steel is hit by Riley Stillman and loses puck.
3:04 of 2nd period - Snap shot by Brett Leason.
3:04 of 2nd period - Shot Blocked by Nick Sorensen.
3:14 of 2nd period - Snap shot by Nick Sorensen.
3:14 of 2nd period - Shot Misses the Net.
3:16 of 2nd period - Snap shot by A.J. Greer.
3:16 of 2nd period - Stopped by Daniel Altshuller with a rebound.
3:28 of 2nd period - Slapshot by Matteson Iacopelli.
3:28 of 2nd period - Stopped by Zachary Fucale without a rebound.
3:29 of 2nd period - Jack Hughes wins face-off versus Brett Murray in Phantoms zone.
3:34 of 2nd period - Backhand shot by Matteson Iacopelli.
3:34 of 2nd period - Stopped by Zachary Fucale with a rebound.
3:36 of 2nd period - Snap shot by Jack Hughes.
3:36 of 2nd period - Eagles goal is going for a video replay.
3:36 of 2nd period - The goal is refused. The puck has entered the net after making contact with an attacking player’s stick that is above the height of the crossbar..
3:37 of 2nd period - Lucas Wallmarkk wins face-off versus Jared McCann in Phantoms zone.
4:14 of 2nd period - Snap shot by Tyler Motte.
4:14 of 2nd period - Shot Misses the Net.
4:16 of 2nd period - Slapshot by Jack Dougherty.
4:16 of 2nd period - Shot Blocked by Blake Heinrich.
6:14 of 2nd period - Mattias Samuelsson is hit by Riley Stillman and loses puck.
6:45 of 2nd period - Gabriel Vilardi is hit by Andrey Pedan and loses puck.
6:58 of 2nd period - Keaton Middleton is hit by Rem Pitlick and loses puck.
7:07 of 2nd period - Rem Pitlick is hit by Tyler Motte and loses puck.
7:18 of 2nd period - Sam Steel is hit by Mikko Lehtonen and loses puck.
7:27 of 2nd period - Wrist shot by Nick Sorensen.
7:27 of 2nd period - Shot Blocked by Jack Dougherty.
8:11 of 2nd period - Sven Andrighetto is hit by Michael Carcone and loses puck.
8:24 of 2nd period - Jack Dougherty is hit by Rinat Valiev and loses puck.
8:31 of 2nd period - David Kampf is hit by Jared McCann and loses puck.
8:48 of 2nd period - Gabriel Vilardi is hit by Blake Heinrich and loses puck.
8:57 of 2nd period - Slapshot by Laurent Dauphin.
8:57 of 2nd period - Shot Blocked by Jared McCann.
8:59 of 2nd period - Slapshot by Oliver Wahlstrom.
8:59 of 2nd period - Shot Blocked by Gabriel Vilardi.
9:01 of 2nd period - Wrist shot by Laurent Dauphin.
9:01 of 2nd period - Shot Blocked by Kevin Bahl.
9:39 of 2nd period - Snap shot by Sam Steel.
9:39 of 2nd period - Shot Blocked by Mikko Lehtonen.
10:08 of 2nd period - Icing by Connor Carrick.
10:09 of 2nd period - Zach Aston-Reese wins face-off versus Cristoval Nieves in Eagles zone.
10:28 of 2nd period - Wrist shot by Michael Dal Colle.
10:28 of 2nd period - Deflect By Brett Leason.
10:28 of 2nd period - Shot Blocked by Rinat Valiev.
10:28 of 2nd period - Puck is out of play.
10:29 of 2nd period - Sven Andrighetto wins face-off versus Jack Hughes in Phantoms zone.
10:54 of 2nd period - Jack Dougherty is hit by Riley Stillman and loses puck.
11:43 of 2nd period - Jack Hughes is hit by Riley Stillman and loses puck.
11:58 of 2nd period - Minor Penalty to Sven Andrighetto for Cross-checking.
11:59 of 2nd period - Lucas Wallmarkk wins face-off versus Jared McCann in Phantoms zone.
12:32 of 2nd period - Snap shot by Connor Carrick.
12:32 of 2nd period - Shot Misses the Net.
12:34 of 2nd period - Slapshot by Keaton Middleton.
12:34 of 2nd period - Deflect By Jack Hughes.
12:34 of 2nd period - Stopped by Zachary Fucale without a rebound.
12:35 of 2nd period - Lucas Wallmarkk wins face-off versus Jack Hughes in Phantoms zone.
13:42 of 2nd period - Snap shot by Matt Kiersted.
13:42 of 2nd period - Stopped by Daniel Altshuller with a rebound.
13:58 of 2nd period - Penalty to Sven Andrighetto is over, Sven Andrighetto is back on ice.
14:08 of 2nd period - Slapshot by Rem Pitlick.
14:08 of 2nd period - Stopped by Daniel Altshuller without a rebound.
14:09 of 2nd period - Laurent Dauphin wins face-off versus Zach Aston-Reese in Eagles zone.
14:12 of 2nd period - Snap shot by Oliver Wahlstrom.
14:12 of 2nd period - Shot Blocked by Connor Carrick.
14:24 of 2nd period - Michael Dal Colle is hit by Laurent Dauphin.
14:34 of 2nd period - Sven Andrighetto is hit by Keaton Middleton and loses puck.
16:07 of 2nd period - Wrist shot by Rem Pitlick.
16:07 of 2nd period - Shot Blocked by Mattias Samuelsson.
16:28 of 2nd period - Minor Penalty to Matthew Phillips for Roughing.
16:29 of 2nd period - Jared McCann wins face-off versus Lucas Wallmarkk in Eagles zone.
17:32 of 2nd period - Andrey Pedan is hit by Jack Dougherty and loses puck.
18:28 of 2nd period - Penalty to Matthew Phillips is over, Matthew Phillips is back on ice.
19:14 of 2nd period - Oliver Wahlstrom is hit by Jack Hughes and loses puck.
19:36 of 2nd period - J.T. Brown is hit by Matthew Phillips and loses puck.
19:47 of 2nd period - Mattias Samuelsson is hit by Andrey Pedan and loses puck.
Goals for this period are 0 for Phantoms vs 0 for Eagles.
Shots for this period are 5 for Phantoms vs 5 for Eagles.

3rd period


0:01 of 3rd period - Lucas Wallmarkk wins face-off versus Jack Hughes in neutral zone.
0:28 of 3rd period - Icing by Tyler Motte.
0:29 of 3rd period - Gabriel Vilardi wins face-off versus J.T. Brown in Eagles zone.
0:37 of 3rd period - Off-side.
0:38 of 3rd period - Lucas Wallmarkk wins face-off versus Jared McCann in neutral zone.
1:12 of 3rd period - Wrist shot by Jack Hughes.
1:12 of 3rd period - Stopped by Zachary Fucale without a rebound.
1:13 of 3rd period - Lucas Wallmarkk wins face-off versus Jared McCann in Phantoms zone.
1:31 of 3rd period - Mattias Samuelsson is hit by Blake Heinrich and loses puck.
2:16 of 3rd period - Snap shot by Gabriel Vilardi.
2:16 of 3rd period - Stopped by Zachary Fucale without a rebound.
2:17 of 3rd period - Tyler Motte wins face-off versus Lucas Wallmarkk in Phantoms zone.
3:04 of 3rd period - Snap shot by A.J. Greer.
3:04 of 3rd period - Shot Misses the Net.
3:22 of 3rd period - Matt Kiersted is hit by Tyler Motte and loses puck.
3:27 of 3rd period - Snap shot by Jack Hughes.
3:27 of 3rd period - Deflect By Tyler Motte.
3:27 of 3rd period - Shot Misses the Net.
3:27 of 3rd period - Puck is out of play.
3:28 of 3rd period - Jack Hughes wins face-off versus Lucas Wallmarkk in Phantoms zone.
3:55 of 3rd period - Tyler Motte is hit by Blake Heinrich and loses puck.
4:08 of 3rd period - Wrist shot by Mikko Lehtonen.
4:08 of 3rd period - Shot Misses the Net.
4:52 of 3rd period - Wrist shot by Jack Hughes.
4:52 of 3rd period - Goal by Jack Hughes - Phantoms : 1 - Eagles : 1.
4:53 of 3rd period - Jared McCann wins face-off versus Lucas Wallmarkk in neutral zone.
4:56 of 3rd period - Snap shot by Gabriel Vilardi.
4:56 of 3rd period - Shot Misses the Net.
5:20 of 3rd period - Michael Carcone is hit by Nick Sorensen and loses puck.
5:29 of 3rd period - Snap shot by David Kampf.
5:29 of 3rd period - Shot Blocked by Kevin Bahl.
5:31 of 3rd period - Slapshot by Riley Stillman.
5:31 of 3rd period - Stopped by Daniel Altshuller with a rebound.
5:33 of 3rd period - Slapshot by Matt Kiersted.
5:33 of 3rd period - Shot Misses the Net.
5:49 of 3rd period - Matthew Phillips is hit by Matt Kiersted and loses puck.
6:35 of 3rd period - Icing by Connor Carrick.
6:36 of 3rd period - Cristoval Nieves wins face-off versus Sam Steel in Eagles zone.
6:37 of 3rd period - Wrist shot by Rem Pitlick.
6:37 of 3rd period - Stopped by Daniel Altshuller with a rebound.
6:39 of 3rd period - Snap shot by Cristoval Nieves.
6:39 of 3rd period - Stopped by Daniel Altshuller without a rebound.
6:40 of 3rd period - Cristoval Nieves wins face-off versus Jared McCann in Eagles zone.
6:51 of 3rd period - Slapshot by Rem Pitlick.
6:51 of 3rd period - Shot Blocked by Jack Dougherty.
6:53 of 3rd period - Slapshot by Rem Pitlick.
6:53 of 3rd period - Shot Misses the Net.
6:55 of 3rd period - Slapshot by Andrey Pedan.
6:55 of 3rd period - Stopped by Daniel Altshuller with a rebound.
7:09 of 3rd period - Snap shot by Matteson Iacopelli.
7:09 of 3rd period - Stopped by Zachary Fucale with a rebound.
7:15 of 3rd period - Jack Hughes is hit by Joe Snively.
8:05 of 3rd period - Oliver Wahlstrom is hit by Keaton Middleton.
8:13 of 3rd period - Wrist shot by Laurent Dauphin.
8:13 of 3rd period - Deflect By Jared McCann.
8:13 of 3rd period - Shot Misses the Net.
8:13 of 3rd period - Puck is out of play.
8:14 of 3rd period - Lucas Wallmarkk wins face-off versus Jared McCann in Eagles zone.
8:17 of 3rd period - Snap shot by Lucas Wallmarkk.
8:17 of 3rd period - Stopped by Daniel Altshuller with a rebound.
8:49 of 3rd period - Wrist shot by Jared McCann.
8:49 of 3rd period - Shot Misses the Net.
8:51 of 3rd period - Snap shot by Michael Carcone.
8:51 of 3rd period - Stopped by Zachary Fucale with a rebound.
9:14 of 3rd period - Minor Penalty to Sven Andrighetto for Tripping.
9:15 of 3rd period - Cristoval Nieves wins face-off versus Jack Hughes in Phantoms zone.
9:19 of 3rd period - Pius Suter is hit by Blake Heinrich and loses puck.
11:03 of 3rd period - Keaton Middleton is hit by Matt Kiersted and loses puck.
11:12 of 3rd period - Snap shot by David Kampf.
11:12 of 3rd period - Shot Blocked by Brett Leason.
11:14 of 3rd period - Penalty to Sven Andrighetto is over, Sven Andrighetto is back on ice.
11:14 of 3rd period - Snap shot by Joe Snively.
11:14 of 3rd period - Stopped by Daniel Altshuller with a rebound.
11:22 of 3rd period - Snap shot by Joe Snively.
11:22 of 3rd period - Shot Blocked by Jared McCann.
11:24 of 3rd period - Slapshot by Rinat Valiev.
11:24 of 3rd period - Stopped by Daniel Altshuller without a rebound.
11:25 of 3rd period - Laurent Dauphin wins face-off versus Jack Hughes in Eagles zone.
11:30 of 3rd period - Snap shot by Brett Murray.
11:30 of 3rd period - Deflect By Laurent Dauphin.
11:30 of 3rd period - Stopped by Daniel Altshuller without a rebound.
11:31 of 3rd period - Jack Hughes wins face-off versus Laurent Dauphin in Eagles zone.
11:37 of 3rd period - Icing by Tyler Motte.
11:38 of 3rd period - Lucas Wallmarkk wins face-off versus Jack Hughes in Eagles zone.
11:39 of 3rd period - Snap shot by Joe Snively.
11:39 of 3rd period - Stopped by Daniel Altshuller without a rebound.
11:40 of 3rd period - Jack Hughes wins face-off versus Sven Andrighetto in Eagles zone.
11:51 of 3rd period - Slapshot by Tyler Motte.
11:51 of 3rd period - Shot Misses the Net.
11:53 of 3rd period - Wrist shot by Matteson Iacopelli.
11:53 of 3rd period - Stopped by Zachary Fucale without a rebound.
11:54 of 3rd period - Jared McCann wins face-off versus Lucas Wallmarkk in Phantoms zone.
13:01 of 3rd period - Snap shot by Gabriel Vilardi.
13:01 of 3rd period - Shot Misses the Net.
13:09 of 3rd period - Wrist shot by David Kampf.
13:09 of 3rd period - Shot Blocked by Kevin Bahl.
13:33 of 3rd period - Wrist shot by Joe Snively.
13:33 of 3rd period - Stopped by Daniel Altshuller without a rebound.
13:34 of 3rd period - Cristoval Nieves wins face-off versus Jack Hughes in Eagles zone.
14:04 of 3rd period - Wrist shot by Joe Snively.
14:04 of 3rd period - Shot Misses the Net.
14:06 of 3rd period - Wrist shot by Joe Snively.
14:06 of 3rd period - Deflect By Lucas Wallmarkk.
14:06 of 3rd period - Phantoms goal is going for a video replay.
14:06 of 3rd period - The goal is refused. The puck has been directed, batted or thrown into the net by an attacking player other than with a stick..
14:07 of 3rd period - Jack Hughes wins face-off versus Lucas Wallmarkk in Eagles zone.
15:52 of 3rd period - Snap shot by Gabriel Vilardi.
15:52 of 3rd period - Shot Misses the Net.
15:54 of 3rd period - Slapshot by Kevin Bahl.
15:54 of 3rd period - Shot Misses the Net.
15:56 of 3rd period - Wrist shot by Gabriel Vilardi.
15:56 of 3rd period - Stopped by Zachary Fucale with a rebound.
15:58 of 3rd period - Wrist shot by Gabriel Vilardi.
15:58 of 3rd period - Stopped by Zachary Fucale without a rebound.
15:59 of 3rd period - Sam Steel wins face-off versus A.J. Greer in Phantoms zone.
16:37 of 3rd period - Wrist shot by Gabriel Vilardi.
16:37 of 3rd period - Shot Misses the Net.
16:54 of 3rd period - Slapshot by Rem Pitlick.
16:54 of 3rd period - Shot Misses the Net.
16:58 of 3rd period - Slapshot by Cristoval Nieves.
16:58 of 3rd period - Stopped by Daniel Altshuller without a rebound.
16:59 of 3rd period - David Kampf wins face-off versus Sam Steel in Eagles zone.
17:00 of 3rd period - Snap shot by A.J. Greer.
17:00 of 3rd period - Stopped by Daniel Altshuller with a rebound.
17:02 of 3rd period - Snap shot by Nick Sorensen.
17:02 of 3rd period - Stopped by Daniel Altshuller with a rebound.
17:04 of 3rd period - Snap shot by A.J. Greer.
17:04 of 3rd period - Goal by A.J. Greer - Phantoms : 2 - Eagles : 1.
17:05 of 3rd period - David Kampf wins face-off versus Sam Steel in neutral zone.
17:36 of 3rd period - Slapshot by Jack Dougherty.
17:36 of 3rd period - Deflect By Gabriel Vilardi.
17:36 of 3rd period - Shot Misses the Net.
17:36 of 3rd period - Puck is out of play.
17:37 of 3rd period - Jared McCann wins face-off versus Lucas Wallmarkk in Phantoms zone.
17:38 of 3rd period - Snap shot by Michael Carcone.
17:38 of 3rd period - Shot Misses the Net.
17:40 of 3rd period - Snap shot by Jack Dougherty.
17:40 of 3rd period - Stopped by Zachary Fucale with a rebound.
17:42 of 3rd period - Wrist shot by Mattias Samuelsson.
17:42 of 3rd period - Stopped by Zachary Fucale with a rebound.
17:44 of 3rd period - Slapshot by Mattias Samuelsson.
17:44 of 3rd period - Deflect By Rinat Valiev.
17:44 of 3rd period - Stopped by Zachary Fucale with a rebound.
17:48 of 3rd period - Snap shot by Gabriel Vilardi.
17:48 of 3rd period - Shot Hit the Post.
17:50 of 3rd period - Wrist shot by Gabriel Vilardi.
17:50 of 3rd period - Goal by Gabriel Vilardi - Phantoms : 2 - Eagles : 2.
17:51 of 3rd period - David Kampf wins face-off versus Sam Steel in neutral zone.
17:54 of 3rd period - Connor Carrick is hit by Blake Heinrich and loses puck.
18:17 of 3rd period - Connor Carrick is hit by Rem Pitlick and loses puck.
18:38 of 3rd period - Wrist shot by Matthew Phillips.
18:38 of 3rd period - Shot Misses the Net.
18:40 of 3rd period - Slapshot by Mattias Samuelsson.
18:40 of 3rd period - Shot Misses the Net.
18:42 of 3rd period - Slapshot by Sam Steel.
18:42 of 3rd period - Stopped by Zachary Fucale with a rebound.
18:44 of 3rd period - Slapshot by Jonathan Racine.
18:44 of 3rd period - Shot Blocked by Blake Heinrich.
18:46 of 3rd period - Wrist shot by Pius Suter.
18:46 of 3rd period - Goal by Pius Suter - Phantoms : 2 - Eagles : 3.
18:47 of 3rd period - Lucas Wallmarkk wins face-off versus Jared McCann in neutral zone.
18:50 of 3rd period - Phantoms, Zachary Fucale is pulled from the net.
19:21 of 3rd period - Wrist shot by Keaton Middleton.
19:21 of 3rd period - Shot Blocked by Lucas Wallmarkk.
Goals for this period are 1 for Phantoms vs 3 for Eagles.
Shots for this period are 15 for Phantoms vs 14 for Eagles.